 Dungeon Crawl Stone Soup version 0.16-a0-3623-gda98d6b (webtiles) character file.

154 Stone the Cudgeler (level 5, -2/41 HPs)
             Began as a Mummy Fighter on Jan 14, 2015.
             Slain by a gnoll
             ... wielding a +0 spear
              (4 damage)
             ... on level 3 of the Dungeon.
             The game lasted 00:03:32 (2028 turns).

Stone the Cudgeler (Mummy Fighter)                  Turns: 2028, Time: 00:03:32

Health: -2/41      AC:  6    Str: 20    XL:     5   Next: 13%
Magic:  5/5        EV:  7    Int:  7    God:
Gold:   84         SH:  9    Dex: 11    Spells: 0 memorised, 4 levels left

rFire  x . .     SeeInvis .     a - +0 flail
rCold  + . .     Clarity  .     b - +0 scale mail
rNeg   + + +     SustAb   .     c - +1 shield
rPois  ∞         Gourm    .     (no helmet)
rElec  .         Spirit   .     (no cloak)
rCorr  .         Warding  .     (no gloves)
rMut   .         Stasis   .     (no boots)
MR     .....                    (no amulet)
Stlth  ..........               (no ring)
                                (no ring)

@: not resistant to hostile enchantments, extremely unstealthy
A: no food or potions, fire vulnerability, restore body, cold resistance 1,
negative energy resistance 3, poison resistance, torment resistance, unbreathing
a: no special abilities


You were on level 3 of the Dungeon.
You were not hungry.

You visited 1 branch of the dungeon, and saw 3 of its levels.

You collected 84 gold pieces.

Inventory:

Hand weapons
 a - a +0 flail (weapon)
Armour
 b - a +0 scale mail (worn)
 c - a +1 shield (worn)
Magical devices
 f - a wand of digging (13)
Scrolls
 d - a scroll of identify
 e - 4 scrolls of teleportation {unknown}
 g - a scroll of enchant armour


   Skills:
 - Level 3.0 Fighting
 + Level 4.4 Maces & Flails
 - Level 2.4 Armour
 - Level 2.4 Shields


You had 4 spell levels left.
You didn't know any spells.

Dungeon Overview and Level Annotations

Branches:
Dungeon (3/15)

Altars:
Ashenzari


Innate Abilities, Weirdness & Mutations

You do not eat or drink.
Your flesh is vulnerable to fire.
Your flesh is cold resistant.
You are immune to negative energy.
Your system is resistant to poisons.
You are immune to unholy pain and torment.
You can survive without breathing.


Message History

The gnoll hits you but does no damage. The gnoll barely misses you.
You hit the gnoll.
The gnoll is severely wounded.
The gnoll hits you from afar with a spear.
* * * LOW HITPOINT WARNING * * *
The gnoll hits you with a whip.
* * * LOW HITPOINT WARNING * * *
You closely miss the gnoll.
The gnoll is severely wounded.
You block the gnoll's attack. The gnoll hits you with a whip.
* * * LOW HITPOINT WARNING * * *
You hit the gnoll but do no damage.
The gnoll is severely wounded.
You block the gnoll's attack. The gnoll hits you with a whip.
* * * LOW HITPOINT WARNING * * *
You block the gnoll's attack.
You hit the gnoll.
You kill the gnoll!
The gnoll hits you from afar with a spear.
You die...

# #.#.# ..#.. # #.#.#
.##### ##.#.# #..
#######....# #.#####
...........# ..#...
######...>.# #...#
....##.....# #>g.#
###.##.....#######g###
###.............@)...#
#......#############.#
#.###..# ... ..# #..#
.## #.###.## ..
#.....##### ##
###.......#
###.#####.# ### .##.#
#.# #..


You could see a gnoll and a goblin.

Vanquished Creatures
  Jessica (D:3)
  A hound skeleton (D:3)
  4 adders
  A gnoll (D:3)
  2 giant mites
  A worm (D:2)
  3 oozes (D:2)
  5 giant cockroaches
  8 hobgoblins
  A ball python (D:3)
  7 bats
  A giant gecko zombie (D:3)
  A giant newt (D:1)
  9 goblins
  5 kobolds
  A quokka (D:2)
  5 rats
56 creatures vanquished.

Notes
Turn   | Place    | Note
--------------------------------------------------------------
     0 | D:1      | Stone, the Mummy Fighter, began the quest for the Orb.
     0 | D:1      | Reached XP level 1. HP: 18/18 MP: 1/1
   111 | D:1      | Reached XP level 2. HP: 22/24 MP: 2/2
   630 | D:2      | Reached XP level 3. HP: 27/29 MP: 3/3
  1209 | D:2      | Reached XP level 4. HP: 24/35 MP: 4/4
  1539 | D:3      | Reached skill level 4 in Maces & Flails
  1618 | D:3      | Found a shattered altar of Ashenzari.
  1737 | D:3      | Noticed Jessica
  1742 | D:3      | Killed Jessica
  1742 | D:3      | Reached XP level 5. HP: 38/41 MP: 5/5
  2027 | D:3      | HP: 2/41 [gnoll/whip (1)]
  2028 | D:3      | Slain by a gnoll

Action                   |  1- 3 |  4- 6 || total
-------------------------+-------+-------++-------
Melee: Flail             |   136 |    54 ||   190
  Use: Scroll            |     3 |       ||     3
